 Dungeon Crawl Stone Soup version 0.30-a0-953-g5f1da4a474 (webtiles) character file.

Game seed: 16652801930122502332

105 gelatine the Chopper (level 4, -10/33 HPs)
             Began as a Demonspawn Reaver on Mar 29, 2023.
             Splashed by a jelly's acid (11 damage)
             ... on level 4 of the Dungeon.
             The game lasted 00:05:02 (3233 turns).

gelatine the Chopper (Demonspawn Reaver)            Turns: 3233, Time: 00:05:03

Health: -10/33     AC: -1    Str: 14    XL:     4   Next: 54%
Magic:  7/7        EV: 12    Int: 14    God:
Gold:   131        SH:  0    Dex: 12    Spells: 6/7 levels left

rFire   . . .      SeeInvis .    a - +0 hand axe
rCold   . . .      Faith    .    (no shield)
rNeg    . . .      Spirit   .    b - +0 leather armour
rPois   .          Reflect  .    (no helmet)
rElec   .          Rampage  .    (no cloak)
rCorr   .                        (no gloves)
Will    .....                    n - +0 pair of boots
Stlth   +                        (no amulet)
HPRegen 0.25/turn                (no ring)
MPRegen 0.10/turn                (no ring)

@: corroded
A: icy blue scales 1, demonic magic 1
a: no special abilities


You were on level 4 of the Dungeon.
You visited 1 branch of the dungeon, and saw 4 of its levels.

You collected 131 gold pieces.

Inventory:

Hand Weapons
 a - a +0 hand axe (weapon)
Missiles
 g - 3 datura-tipped darts
Armour
 b - a +0 leather armour (worn)
 n - a +0 pair of boots (worn)
Magical Staves
 e - a staff of cold
 t - a staff of death
Jewellery
 i - a ring of ice
Wands
 p - a wand of iceblast (4)
Scrolls
 f - a scroll of torment {unknown}
 h - 3 scrolls of identify {unknown}
 k - a scroll of noise {unknown}
 l - a scroll of amnesia {unknown}
 o - a scroll of silence {unknown}
 r - a scroll of teleportation {unknown}
 s - a scroll of blinking {unknown}
 u - a scroll of vulnerability {unknown}
 v - a scroll of poison {unknown}
 w - a scroll of immolation {unknown}
 x - a scroll of enchant weapon {unknown}
Potions
 c - 4 potions of degeneration {unknown}
 d - 2 potions of flight {unknown}
 j - a potion of mutation {unknown}
 m - 2 potions of ambrosia {unknown}
 q - a potion of haste {unknown}


   Skills:
 * Level 2.3 Fighting
 * Level 3.7 Axes
 * Level 1.2 Armour
 * Level 2.3 Dodging
 * Level 2.3 Spellcasting
 * Level 3.3 Conjurations


You had 6 spell levels left.
You knew the following spells:

 Your Spells              Type           Power      Damage    Failure   Level
a - Kiss of Death         Conj/Necr      24%        2d7       14%         1

Your spell library contained the following spells:

 Spells                   Type           Power      Damage    Failure   Level
 Momentum Strike          Conj/Tloc      12%        3d8       22%         2
 Sublimation of Blood     Necr           1%         N/A       38%         2
 Wereblood                Tmut           1%         N/A       38%         2
 Hailstorm                Conj/Ice       6%         3d4       38%         3
 Kindle Blastsparks       Fire/Tloc/Air  2%         2d10      63%         3
 Fulminant Prism          Conj/Hex       3%         3d5       80%         4
 Iskenderun's Mystic Bla  Conj/Tloc      6%         2d4       80%         4
 Lee's Rapid Deconstruct  Erth           0%         3d4*      100%        5
 Summon Hydra             Summ           0%         N/A       100%        7


Dungeon Overview and Level Annotations

Branches:
Dungeon (4/15)
 Temple: D:4-7

Altars:


Innate Abilities, Weirdness & Mutations

You are partially covered in icy blue scales. (AC +2)
Spells you cast may paralyse adjacent enemies.


Message History

There is a stone staircase leading down here.
You climb downwards.
The endoplasm quivers.
Found 6 stones.
There is a stone staircase leading up here.
A jelly comes into view.
Found a pair of boots.
The jelly quivers.
You hit the endoplasm.
The endoplasm is almost dead.
The endoplasm barely misses you.
You hit the endoplasm.
You kill the endoplasm!
The jelly hits you but does no damage.
You hit the jelly.
Your hands burn!
The jelly is heavily wounded.
The jelly hits you but does no damage.
You barely miss the jelly.
The jelly is heavily wounded.
The jelly hits you. The acid corrodes you!
You are splashed with acid!
You hit the jelly but do no damage.
Your hands burn!
The jelly is heavily wounded.
The jelly hits you but does no damage.
You hit the jelly.
Your hands burn!
You punch the jelly, but do no damage.
The jelly is severely wounded.
The jelly hits you. The acid corrodes you!
You are splashed with acid!
* * * LOW HITPOINT WARNING * * *
You hit the jelly but do no damage.
Your hands burn!
* * * LOW HITPOINT WARNING * * *
The jelly is severely wounded.
The jelly closely misses you. The jelly hits you.
* * * LOW HITPOINT WARNING * * *
You are splashed with acid!
You die...

### ##(#
#<.######
#.#.##......##
#....J@......#
#.....[######.#
#...... #......
#...... #......
#...... ####.##


You could see a jelly.

Vanquished Creatures
  Ijyb (D:2)
  An adder (D:2)
  A white imp (D:3)
  2 worms
  2 dart slugs (D:1)
  2 ball pythons (D:1)
  9 endoplasms
  3 giant cockroaches
  8 goblins
  4 hobgoblins
  3 quokkas
  5 bats
  A frilled lizard (D:2)
  4 kobolds
  5 rats
51 creatures vanquished.

Vanquished Creatures (others)
  2 fungi (D:1)
  4 plants (D:1)
6 creatures vanquished.

Grand Total: 57 creatures vanquished

Notes
Turn   | Place    | Note
-------+----------+-------------------------------------------
     0 | D:1      | gelatine the Demonspawn Reaver began the quest for the Orb.
     0 | D:1      | Reached XP level 1. HP: 16/16 MP: 3/3
   274 | D:1      | Gained mutation: You are partially covered in icy blue
                  | scales. (AC +2) [demonic ancestry]
   274 | D:1      | Reached XP level 2. HP: 12/22 MP: 5/5
   868 | D:1      | Found a faded altar of an unknown god.
  1237 | D:2      | Gained mutation: Spells you cast may paralyse adjacent
                  | enemies. [demonic ancestry]
  1237 | D:2      | Reached XP level 3. HP: 23/25 MP: 6/6
  1405 | D:2      | Noticed Ijyb
  1431 | D:2      | Killed Ijyb
  1432 | D:2      | Reached skill level 1 in Armour
  1596 | D:2      | Reached XP level 4. HP: 33/33 MP: 7/7
  3233 | D:4      | HP: 1/33 [jelly (2)]
  3233 | D:4      | Splashed by a jelly's acid

Illustrated notes

Levels and vault maps discovered:
D:1:      dpeg_arrival_arbitrary_a, layout_basic,
          shapermc_ecumenical_altar_mp_urbaneastern, minmay_distorted
D:2:      kennysheep_the_goblin_king, layout_loops_corners,
          serial_co_window_serial, co_window_paths_a,
          co_window_of_opportunity_a, co_window_corner_a, co_window_paths_b,
          co_window_corner_a, co_window_corner_cb, co_window_broadway_b,
          co_window_corner_ca, co_window_broadway_b, co_window_corner_b,
          co_window_2corner, co_window_4corner_b, co_window_4corner_a,
          glass_columns_b, glass_columns_a, glass_columns_a
D:3:      layout_loops_ring, minmay_fountain_box
D:4:      layout_basic, minitemple, serial_shops, nicolae_shop_hallway_plus,
          uniq_menkaure

Skill      XL: |  1  2  3 |
---------------+----------+-----
Axes           | 3 |  3.7
Armour         | 1 |  1.2
Dodging        | 2 |  2.3
Fighting       | |  2.3
Spellcasting   | |  2.3
Conjurations   | |  3.3

Action                     |  1- 3 |  4- 6 || total
---------------------------+-------+-------++-------
  Melee: Hand axe          |   160 |    86 ||   246
         Punch             |     2 |     3 ||     5
   Cast: Kiss of Death     |     1 |       ||     1
 Armour: Leather armour    |    57 |    34 ||    91
  Dodge: Dodged            |   117 |    44 ||   161

Table legend: (Time is in decaauts)
 A = Elapsed time spent in this place.
 B = Non-inter-level travel time spent in this place.
 C = Inter-level travel time spent in this place.
 D = Time resting spent in this place.
 E = Time spent auto-exploring this place.
 F = Levels seen in this place.
 G = Mean time per level.
                   A        B        C        D        E       F      G
               +--------+--------+--------+--------+--------+-----+--------+
         Total |   3266 |   3098 |    168 |      0 |   2486 |   4 |  816.5 |
       Dungeon |   3266 |   3098 |    168 |      0 |   2486 |   4 |  816.5 |
               +--------+--------+--------+--------+--------+-----+--------+

Top non-repeatable levels by time:
     D:2: 1458 daAuts
     D:1: 1116 daAuts
     D:3: 678 daAuts
     D:4: 12 daAuts
